 Dungeon Crawl Stone Soup version 0.32-a0-876-gcfddb08e57 (webtiles) character file.

Game seed: 642663751525075123

67335 croobank the Black Sun (level 15, -1/115 HPs)
             Began as a Human Summoner on Apr 1, 2024.
             Was a High Priest of Kikubaaqudgha.
             Killed by an exploding blazeheart core (32 damage)
             ... on level 5 of the Lair of Beasts on Apr 2, 2024.
             The game lasted 02:29:59 (24223 turns).

croobank the Black Sun (Human Summoner)            Turns: 24223, Time: 02:30:00

Health: -1/115     AC: 19    Str:  9    XL:     15   Next: 22%
Magic:  25/28      EV: 14    Int: 24    God:    Kikubaaqudgha [*****.]
Gold:   619        SH:  6    Dex: 14    Spells: 14/33 levels left

rFire   . . .        k - +6 dagger (protect)
rCold   + . .        h - +1 buckler
rNeg    . . .        P - +1 leather armour of Soot {rF+ Slay+3}
rPois   +            H - +1 helmet
rElec   .            o - +0 cloak
rCorr   .            n - +1 pair of gloves
SInv    .            f - +1 pair of boots
Will    ++...        L - amulet of the acrobat
Stlth   ++++         R - ring of ice
HPRegen 0.39/turn    x - ring "Verph" {rPois Will+ Int+2}
MPRegen 0.21/turn

%: acrobat
@: under a protective aura
A: explore regen
a: Renounce Religion, Unearth Wretches, Torment


You were on level 5 of the Lair of Beasts.
You worshipped Kikubaaqudgha.
Kikubaaqudgha was extremely pleased with you.
You visited 3 branches of the dungeon, and saw 18 of its levels.
You also visited: Sewer and Ossuary.

You collected 1355 gold pieces.
You spent 736 gold pieces at shops.

Inventory:

Hand Weapons
 k - a +6 dagger of protection (weapon)
 S - a +0 scimitar of flaming
Armour
 f - a +1 pair of boots (worn)
 h - a +1 buckler (worn)
 n - a +1 pair of gloves (worn)
 o - a +0 cloak (worn)
 E - +0 acid dragon scales
 H - a +1 helmet (worn)
 K - a +1 robe of resistance
 P - the +1 leather armour of Soot (worn) {rF+ Slay+3}
   (You found it on level 7 of the Dungeon)

   Slay+3:    It affects your accuracy & damage with ranged weapons and melee
   (+3).
   rF+:       It protects you from fire.
Jewellery
 a - a +6 ring of dexterity
 g - a ring of fire
 p - a ring of magical power
 q - a +4 ring of protection
 x - the ring "Verph" (right hand) {rPois Will+ Int+2}
   (You bought it in a shop on level 7 of the Dungeon)

   [ring of willpower]

   Int+2:     It affects your intelligence (+2).
   rPois:     It protects you from poison.
   Will+:     It increases your willpower.
 z - a ring of fire
 A - a ring of see invisible
 I - the ring of Sovereignty {rN+ Will+ Dex+6}
   (You took it off a centaur on level 7 of the Dungeon)

   [ring of dexterity]

   Dex+6:     It affects your dexterity (+6).
   rN+:       It protects you from negative energy.
   Will+:     It increases your willpower.
 L - an amulet of the acrobat (around neck)
 R - a ring of ice (left hand)
 T - a +6 ring of dexterity
 Z - a ring of ice
Wands
 c - a wand of digging (10)
 e - a wand of warping (15)
 v - a wand of mindburst (5)
 G - a wand of paralysis (15)
 W - a wand of light (7)
 X - a wand of flame (15)
Scrolls
 i - 2 scrolls of vulnerability
 r - a scroll of blinking
 s - a scroll of brand weapon
 t - 4 scrolls of teleportation
 D - 5 scrolls of revelation
 F - 4 scrolls of noise
 M - 3 scrolls of amnesia
 Q - 2 scrolls of immolation
 U - 2 scrolls of identify
 Y - 3 scrolls of fear
Potions
 b - 4 potions of magic
 d - 6 potions of attraction
 j - 5 potions of might
 l - 7 potions of curing
 m - 5 potions of invisibility
 u - 4 potions of mutation
 w - 8 potions of haste
 y - a potion of berserk rage
 B - 2 potions of ambrosia
 C - 7 potions of brilliance
 J - a potion of cancellation
 V - 2 potions of enlightenment
Miscellaneous
 N - a phantom mirror
 O - a condenser vane


   Skills:
 - Level 10.0 Fighting
 - Level 5.0 Armour
 - Level 10.0 Dodging
 - Level 10.0 Stealth
 - Level 5.0 Shields
 + Level 9.8 Spellcasting
 - Level 10.0 Summonings
 + Level 10.6 Necromancy
 - Level 5.0 Fire Magic
 - Level 7.0 Air Magic


You had 14 spell levels left.
You knew the following spells:

 Your Spells              Type           Power      Damage    Failure   Level
a - Summon Small Mammal   Summ           100%       N/A       1%          1
b - Call Imp              Summ           100%       N/A       1%          2
c - Call Canine Familiar  Summ           56%        N/A       1%          3
d - Summon Blazeheart Go  Fire/Summ      47%        N/A       4%          4
e - Summon Lightning Spi  Summ/Air       51%        N/A       3%          4
V - Borgnjor's Vile Clut  Necr/Erth      18%        N/A       32%         5

Your spell library contained the following spells:

 Spells                   Type           Power      Damage    Failure   Level
 Necrotise                Necr           100%       1d9       1%          1
 Cigotuvi's Dreadful Rot  Necr/Alch/Air  80%        N/A       1%          2
 Sublimation of Blood     Necr           58%        N/A       1%          2
 Fugue of the Fallen      Necr           58%        N/A       1%          3
 Swiftness                Air            45%        N/A       1%          3
 Vampiric Draining        Necr           58%        2d10      1%          3
 Martyr's Knell           Necr/Summ      57%        N/A       1%          4
 Shock                    Conj/Air       100%       1d9       2%          1
 Foxfire                  Conj/Fire      92%        2x1d8     3%          1
 Static Discharge         Conj/Air       56%        3-6/arc   3%          2
 Curse of Agony           Necr           58%        N/A       3%          5
 Airstrike                Air            22%        2d(4-20)  6%          4
 Slow                     Hex            44%        N/A       11%         1
 Inner Flame              Hex/Fire       23%        N/A       11%         3
 Death Channel            Necr           29%        N/A       21%         6
 Vhi's Electric Charge    Tloc/Air       56%        N/A       24%         4
 Confusing Touch          Hex            11%        N/A       30%         3
 Stone Arrow              Conj/Erth      22%        3d8       30%         3
 Ignite Poison            Fire/Alch      23%        N/A       36%         4
 Sticky Flame             Fire/Alch      23%        2d6       36%         4
 Arcjolt                  Conj/Air       14%        1d24      56%         5
 Freezing Cloud           Conj/Ice/Air   17%        6-21      73%         5
 Plasma Beam              Fire/Air       20%        2x1d32    80%         6
 Iskenderun's Battlesphe  Conj           11%        2d7       96%         5
 Lee's Rapid Deconstruct  Erth           5%         3d6*      96%         5
 Starburst                Conj/Fire      11%        6d5       99%         6
 Enfeeble                 Hex            5%         N/A       100%        7


Dungeon Overview and Level Annotations

Branches:
Dungeon (12/15)            Temple (1/1) D:4            Lair (5/5) D:10
  Swamp (0/4) Lair:3       Spider (0/4) Lair:3          Orc (0/2) D:12
  Sewer (visited)         Ossuary (visited)
  Slime: Lair:4-5

Altars:
Ashenzari
Cheibriados
Dithmenos
Elyvilon
Fedhas
Gozag
Hepliaklqana
Kikubaaqudgha
Makhleb
Nemelex Xobeh
Okawaru
Qazlal
Ru
Sif Muna
Trog
Uskayaw
Vehumet
Wu Jian
Xom
Yredelemnul
Zin
The Shining One
Lugonu

Shops:
D:7 *(!=

Portals:
Abyss: Lair:5

Annotations:
D:11 exclusion: downstairs
D:12 Rupert
Lair:4 3 runed translucent doors, prad's ghost, journeyman DECj


Innate Abilities, Weirdness & Mutations

You regain HP and MP as you explore.


Message History

You block the thrashing horror's attack.
You block the large abomination's attack.
The forest fire spreads!
You swap places.
The thrashing horror tramples you!
You hold your ground!
The thrashing horror barely misses you.
The large abomination hits your blazeheart golem!!
Your blazeheart golem barely misses the thrashing horror.
You hit the thrashing horror but do no damage.
Your weapon exudes an aura of protection.
The thrashing horror is moderately damaged.
Your lightning spire disappears in a puff of smoke!
The thrashing horror tramples you!
You hold your ground!
The thrashing horror tramples you but does no damage.
The large abomination hits your blazeheart golem!
Okay, then.
Casting: Summon Blazeheart Golem (dangerous; 4% risk of failure)
Confirm with . or Enter, or press ? or * to list all spells.
Okay, then.
Aiming: Bolt of Light
Press: ? - help, Shift-Dir - straight line, f - thrashing horror
Aim: a thrashing horror (moderately damaged, 71% to hit)
The bolt of light hits the thrashing horror!
The thrashing horror is heavily damaged.
The thrashing horror tramples you.
You hold your ground!
The thrashing horror tramples you but does no damage.
The large abomination hits your blazeheart golem but does no damage.
Your blazeheart golem punches the large abomination!
Your blazeheart golem falls apart, revealing its core!
The thrashing horror tramples you!
You hold your ground!
The thrashing horror tramples you but does no damage.
You hit the thrashing horror but do no damage.
The thrashing horror is heavily damaged.
The thrashing horror tramples you but does no damage.
The thrashing horror tramples you.
* * * LOW HITPOINT WARNING * * *
You hold your ground!
Your blazeheart core explodes!
The tree burns like a torch!
The fiery explosion engulfs you!!
You die...
Kikubaaqudgha rasps: You have failed me!
Welcome... death!

♣♣..♣ .♣ ♣.
♣♣...♣ .. ♣.
♣...♣♣ ♣.
♣♣..♣♣ ♣.
♣♣....♣§ ♣#
♣♣♣.....°( ♣
♣§☼X..§§♣}.!♣
♣§☼☼.$.§....♣
♣§@.°○.†∩...♣
♣.X.°§...)_..
♣...°°...}...
♣♣......♣♣♣÷♣♣
♣.†.....♣ !♣ ♣
♣..♣....♣♣ ♣ ♣
♣÷♣♣♣♣...♣ ♣
♣.♣♣ ♣..♣♣
...♣♣..♣♣


You could see a thrashing horror and a large abomination.

Vanquished Creatures
  Snorg (Lair:4)
  Fannar (D:12)
  Erolcha (D:11)
  Erica (D:9)
  4 hydras
  A boulder beetle (D:12)
  3 two-headed ogres
  The ghost of ragingrage the Slicer, a journeyman KoWr of Nemelex Xobeh (D:11)
  A death yak (Lair:3)
  A thrashing horror (Lair:5)
  Sonja (Lair:2)
  A skyshark (Lair:2)
  A cyclops (D:11)
  A meliai (shapeshifter) (Lair:5)
  4 black mambas
  6 ugly things
  Joseph (D:10)
  6 cane toads
  A large abomination (Lair:5)
  2 gargoyles
  2 rime drakes
  13 komodo dragons
  A kobold demonologist (D:11)
  4 trolls
  A hornet (D:9)
  6 blink frogs
  A raiju (Lair:5)
  6 slime creatures (D:12)
  A jumping spider (Lair:3)
  A wraith (D:7)
  3 wyverns
  2 culicivoras (Lair:3)
  2 ynoxinuls (Lair:5)
  3 water elementals (D:12)
  28 yaks
  4 basilisks (Lair:5)
  2 chaos spawn (Lair:5)
  A steam dragon (D:9)
  A redback (Lair:3)
  4 vampire mosquitoes
  An acid dragon (D:7)
  2 swamp worms (Lair:3)
  9 water moccasins
  3 orc warriors
  A sky beast (D:8)
  3 black bears
  An ogre (shapeshifter) (Lair:5)
  7 wolves
  2 centaurs
  10 bullfrogs
  4 scorpions
  A gnoll sergeant (D:10)
  5 small abominations (Lair:5)
  4 wights (D:9)
  9 killer bees
  3 electric eels
  2 howler monkeys
  A bombardier beetle (D:4)
  A jelly (D:4)
  2 hounds
  2 sleepcaps (D:7)
  An orc priest (D:3)
  2 gnoll boudas
  4 human zombies
  Jessica (D:2)
  An iguana (D:7)
  A scorpion zombie (D:9)
  An orc wizard (D:9)
  A killer bee zombie (D:9)
  2 ogre zombies (D:9)
  2 nameless horrors
  4 hound zombies (D:9)
  9 gnolls
  2 river rats (Sewer)
  2 adders (D:4)
  An ufetubus (D:7)
  3 adder zombies (D:9)
  A ribbon worm (D:4)
  11 orcs
  4 ball pythons
  2 endoplasms (D:2)
  2 giant cockroaches (D:4)
  2 goblins (D:3)
  A hobgoblin (D:3)
  A jackal (D:1)
  2 bats (D:2)
  2 jackal zombies (Ossuary)
  10 kobolds
  An orc zombie (Ossuary)
  5 rats
279 creatures vanquished.

Vanquished Creatures (collateral kills)
  A two-headed ogre (D:10)
  2 death yaks (Lair:3)
  An ugly thing (D:11)
  An oklob plant (Lair:5)
  2 black mambas (Lair:2)
  3 cane toads
  2 komodo dragons
  2 rime drakes (Lair:2)
  A tyrant leech (Lair:3)
  8 blink frogs
  Prince Ribbit (Lair:3)
  A raiju (Lair:5)
  A slime creature (D:12)
  A spriggan (Lair:5)
  A jumping spider (Lair:3)
  A wyvern (Lair:3)
  11 yaks
  A wraith (D:11)
  5 basilisks
  A water elemental (D:12)
  2 wargs (D:12)
  2 swamp worms (Lair:3)
  An acid dragon (D:10)
  12 water moccasins
  A black bear (D:7)
  3 ice beasts
  An orc warrior (D:12)
  A black bear (shapeshifter) (Lair:5)
  A sky beast (D:8)
  An ogre (D:4)
  2 wolves
  2 centaurs
  A weeping skull (D:8)
  5 bullfrogs
  9 scorpions
  3 small abominations (Lair:5)
  4 wights (D:9)
  7 killer bees
  4 howler monkeys
  3 crimson imps (D:6)
  A centaur zombie (Ossuary)
  3 jellies
  A bombardier beetle (D:3)
  4 hounds
  2 orc priests
  Crazy Yiuf (D:3)
  3 human zombies (Ossuary)
  3 scorpion zombies (Ossuary)
  A sleepcap (D:8)
  3 iguanas
  5 orc wizards
  2 nameless horrors
  A hound zombie (D:9)
  3 mummies (Ossuary)
  11 gnolls
  6 adders
  5 river rats (Sewer)
  2 shadow imps (D:7)
  2 adder zombies (Ossuary)
  A ribbon worm (D:5)
  2 dart slugs
  17 orcs
  3 endoplasms (D:1)
  6 giant cockroaches
  13 goblins
  7 hobgoblins
  3 jackals (D:1)
  13 kobolds
  5 quokkas
  6 ball pythons
  2 ball python zombies (Ossuary)
  A bat (D:1)
  A frilled lizard (D:1)
  13 rats
  A spectral orc (D:8)
  A butterfly (D:11)
266 creatures vanquished.

Vanquished Creatures (others)
  A blink frog (Lair:3)
  113 blazeheart cores
114 creatures vanquished.

Grand Total: 659 creatures vanquished

Notes
Turn   | Place    | Note
-------+----------+-------------------------------------------
     0 | D:1      | croobank the Human Summoner began the quest for the Orb.
     0 | D:1      | Reached XP level 1. HP: 13/13 MP: 3/3
   255 | D:1      | Reached XP level 2. HP: 19/19 MP: 1/5
   258 | D:1      | Learned a level 2 spell: Call Imp
  1146 | D:1      | Reached XP level 3. HP: 24/24 MP: 3/6
  1607 | D:2      | Learned a level 3 spell: Call Canine Familiar
  1935 | D:2      | Noticed Jessica
  1956 | D:2      | Killed Jessica
  1957 | D:2      | Reached XP level 4. HP: 26/30 MP: 2/7
  2084 | D:2      | Found a hide-covered altar of Uskayaw.
  2623 | D:3      | Found a runed translucent door.
  2624 | D:3      | Noticed Crazy Yiuf
  2659 | D:3      | Killed Crazy Yiuf
  2660 | D:3      | Reached XP level 5. HP: 13/35 MP: 1/9
  3254 | D:3      | HP: 1/35 [something/puff of flame (10)]
  3256 | D:3      | Reached XP level 6. HP: 39/41 MP: 7/10
  3261 | D:3      | Learned a level 4 spell: Summon Blazeheart Golem
  3656 | D:4      | Reached skill level 5 in Summonings
  3669 | D:4      | Reached skill level 1 in Fire Magic
  3682 | D:4      | Found a staircase to the Ecumenical Temple.
  3692 | D:4      | Reached skill level 1 in Fighting
  3783 | D:4      | Found a glowing drain.
  3805 | Sewer    | Entered a sewer
  3829 | Sewer    | Reached XP level 7. HP: 48/48 MP: 5/12
  5251 | D:4      | You fall into a shaft and drop 3 floors!
  5298 | D:7      | Found Erchakul's Assorted Antiques.
  5302 | D:7      | Bought a twitching pewter ring for 140 gold pieces
  5302 | D:7      | Identified the ring "Verph" {rPois Will+ Int+2} (You bought
                  | it in a shop on level 7 of the Dungeon)
  5302 | D:7      | Bought a scroll of identify for 56 gold pieces
  5315 | D:7      | Found Hounymm's Distillery.
  5323 | D:7      | Bought a potion of brilliance for 40 gold pieces
  5372 | D:7      | Found Neraq's Jewellery Emporium.
  5391 | D:7      | Reached XP level 8. HP: 23/56 MP: 3/13
  5510 | D:7      | Learned a level 4 spell: Summon Lightning Spire
  5676 | D:6      | Found an ornate altar of the Wu Jian Council.
  5849 | D:6      | Found a shimmering altar of Xom.
  5880 | D:6      | Noticed a komodo dragon
  5890 | D:6      | Killed a komodo dragon
  5891 | D:6      | Reached skill level 5 in Stealth
  5893 | D:5      | Entered Level 5 of the Dungeon
  6237 | D:5      | Found a sand-covered staircase.
  6246 | Ossuary  | Entered an ossuary
  6389 | Ossuary  | Reached XP level 9. HP: 59/64 MP: 9/15
  6470 | Ossuary  | Reached skill level 5 in Dodging
  6528 | Ossuary  | Reached skill level 5 in Fire Magic
  6528 | Ossuary  | Reached skill level 1 in Air Magic
  7890 | D:6      | Reached skill level 5 in Spellcasting
  8781 | D:7      | Reached skill level 1 in Shields
  8800 | D:7      | Found a shimmering altar of Xom.
  8801 | D:7      | Found an iron altar of Okawaru.
  8801 | D:7      | Found a broken altar of Ashenzari.
  8801 | D:7      | Found a radiant altar of Vehumet.
  8945 | D:7      | HP: 2/65 [killer bee (5)]
  9152 | D:7      | Noticed a brown ugly thing
  9157 | D:7      | Noticed a cyan ugly thing
  9161 | D:7      | Killed a brown ugly thing
  9162 | D:7      | Reached XP level 10. HP: 73/73 MP: 13/18
  9171 | D:7      | Killed a cyan ugly thing
  9274 | D:7      | Got Sif Muna's Precepts of Metallic Malisons
  9330 | D:7      | Noticed a gargoyle
  9341 | D:7      | Killed a gargoyle
  9463 | D:7      | Reached skill level 5 in Fighting
  9575 | D:7      | Identified the +7 shortbow "Goblin's Death" {antimagic,
                  | ^Fragile rElec Int+5}
  9575 | D:7      | Identified the ring of Sovereignty {rN+ Will+ Dex+6}
  9598 | D:7      | Reached skill level 5 in Air Magic
  9942 | Temple   | Entered the Ecumenical Temple
  9964 | Temple   | Became a worshipper of Kikubaaqudgha
 10814 | D:7      | Found Quril's Antique Weapon Emporium.
 11099 | D:7      | Noticed a cyan ugly thing
 11099 | D:7      | Noticed a purple ugly thing
 11111 | D:7      | Killed a purple ugly thing
 11115 | D:7      | Killed a cyan ugly thing
 11116 | D:7      | Reached XP level 11. HP: 61/80 MP: 12/20
 11187 | D:7      | Found a snail-covered altar of Cheibriados.
 11199 | D:7      | Identified the +1 leather armour of Soot {rF+ Slay+3}
 11211 | D:7      | Got Ohil's Papyrus of Blistering Hurting
 11436 | D:8      | Found a burning altar of Makhleb.
 11772 | D:8      | Found a basalt altar of Yredelemnul.
 12380 | D:9      | Reached * piety under Kikubaaqudgha
 12380 | D:9      | Received a gift from Kikubaaqudgha
 12572 | D:9      | Noticed a two-headed ogre
 12580 | D:9      | Killed a two-headed ogre
 12667 | D:9      | Found a hazy altar of Hepliaklqana.
 12773 | D:9      | Noticed Erica
 12788 | D:9      | Killed Erica
 12789 | D:9      | Reached skill level 1 in Armour
 13002 | D:9      | Noticed a two-headed ogre
 13012 | D:9      | Killed a two-headed ogre
 13138 | D:9      | Identified the +1 helmet of Okawaru's Esteem {*Slow rPois
                  | Will+}
 13243 | D:9      | Found an ancient bone altar of Kikubaaqudgha.
 13526 | D:9      | Reached ** piety under Kikubaaqudgha
 13686 | D:10     | Entered Level 10 of the Dungeon
 14027 | D:10     | Noticed a two-headed ogre
 14044 | D:10     | Killed a two-headed ogre
 14046 | D:10     | Reached XP level 12. HP: 31/89 MP: 18/22
 14051 | D:10     | Reached skill level 5 in Shields
 14259 | D:10     | Found a staircase to the Lair.
 14896 | D:11     | Noticed ragingrage's ghost (journeyman KoWr)
 14904 | D:11     | Found a runed translucent gate.
 14904 | D:11     | Found a runed translucent gate.
 14904 | D:11     | Found a runed translucent gate.
 14934 | D:11     | Noticed Erolcha
 14945 | D:11     | Killed Erolcha
 15146 | D:11     | Found a runed translucent door.
 15148 | D:11     | Found a runed translucent door.
 15423 | D:11     | Killed ragingrage's ghost
 15774 | D:12     | Reached *** piety under Kikubaaqudgha
 15774 | D:12     | Received a gift from Kikubaaqudgha
 16044 | D:7      | Bought a potion of experience for 500 gold pieces
 16044 | D:7      | Reached XP level 13. HP: 96/96 MP: 24/24
 16051 | D:7      | Learned a level 5 spell: Borgnjor's Vile Clutch
 16318 | D:12     | Found a staircase to the Orcish Mines.
 16832 | D:12     | Noticed Fannar
 16844 | D:12     | Killed Fannar
 16939 | D:12     | Noticed Rupert
 17076 | D:12     | HP: 3/98 [orc priest/divine providence (15)]
 17422 | Lair:1   | Entered Level 1 of the Lair of Beasts
 17422 | Lair:1   | Noticed Joseph
 18162 | D:10     | Killed Joseph
 18163 | D:10     | Reached XP level 14. HP: 76/104 MP: 7/25
 18532 | Lair:1   | Reached **** piety under Kikubaaqudgha
 18580 | Lair:1   | Reached skill level 5 in Armour
 18748 | Lair:2   | Identified the +1 ring mail "Nafa Irgh" {rElec rPois}
 18759 | Lair:2   | You fall into a shaft and drop 1 floor!
 20065 | Lair:2   | Noticed Sonja
 20075 | Lair:2   | Killed Sonja
 20076 | Lair:2   | Reached skill level 10 in Stealth
 20353 | Lair:3   | Noticed Prince Ribbit
 20377 | Lair:3   | Killed Prince Ribbit
 20468 | Lair:3   | Found a hole to the Spider Nest.
 20633 | Lair:3   | Reached skill level 10 in Summonings
 20989 | Lair:3   | Reached ***** piety under Kikubaaqudgha
 21214 | Lair:3   | Found a staircase to the Swamp.
 21451 | Lair:4   | Found a runed translucent gate.
 21451 | Lair:4   | Found a runed translucent gate.
 21451 | Lair:4   | Found a runed translucent gate.
 21451 | Lair:4   | Noticed prad's ghost (journeyman DECj)
 21647 | Lair:4   | Noticed Snorg
 21657 | Lair:4   | Killed Snorg
 22406 | Lair:5   | Entered Level 5 of the Lair of Beasts
 22544 | Lair:5   | Reached skill level 10 in Dodging
 22773 | Lair:5   | Found a broken altar of Ashenzari.
 23223 | Lair:5   | Reached skill level 10 in Necromancy
 23223 | Lair:5   | Reached XP level 15. HP: 88/114 MP: 10/28
 23961 | Lair:5   | Reached skill level 10 in Fighting
 24205 | Lair:5   | Found a one-way gate to the infinite horrors of the Abyss.
 24211 | Lair:5   | Found a corrupted altar of Lugonu.
 24223 | Lair:5   | Killed by an exploding blazeheart core

Illustrated notes

Levels and vault maps discovered:
D:1:      dpeg_arrival_chambers_temple_mockup, layout_basic, serial_rivers,
          chequers_serial_rivers_large_b, chequers_serial_rivers_marsh,
          chequers_serial_rivers_small_b, chequers_serial_rivers_marsh,
          minivault_23
D:2:      layout_loops_ring, basic_altar, uniq_jessica
D:3:      cheibrodos_greedy_goblins, layout_basic, uniq_crazy_yiuf_cottage
D:4:      layout_cave_pods, minmay_temple_entry_drinking_statues,
          gup_sewer_entry_bubbles, serial_forest, infiniplex_forest_lined_3,
          infiniplex_forest_clump_curved, infiniplex_forest_lined_3,
          infiniplex_forest_straight_2, infiniplex_forest_end_1,
          infiniplex_forest_3_way, infiniplex_forest_clump_tiny,
          infiniplex_forest_end_double
D:5:      layout_rooms, mainiacjoe_ossuary_entry_dusty_tomb,
          hangedman_decor_clover_reticule
D:6:      layout_cave_pods, old_standard_altar, led_xom_imps
D:7:      minmay_the_grid_octo_tiled_squarecenter [minmay_the_grid_octo_teeth,
          minmay_the_grid_octo_concentric, minmay_the_grid_octo_vomiting_pacman,
          minmay_the_grid_octo_shrine,
          minmay_the_grid_square_5x5_megaprize_checkered,
          minmay_the_grid_square_5x5_sharp_hourglass,
          minmay_the_grid_square_5x5_minivault,
          minmay_the_grid_square_5x5_gyroscope, minmay_the_grid_square_5x5_six],
          layout_layer_cave, serial_shops, nicolae_shop_tiny_real_fake_doors,
          nicolae_shop_tiny_statue_garden, shop, nicolae_shop_advertising_works
          [nicolae_subvault_shop_adworks], nrook_campfire,
          minmay_fractal_squares_5
D:8:      layout_cave_pools, yredelemnul_forgotten_temple_becter,
          lemuel_doored_altar, chequers_arboretum
D:9:      layout_loops_cross, mainiacjoe_overflow_24_doors,
          roadster_capsule_ark_zombie, uniq_erica
D:10:     layout_basic, erik_lair_island
D:11:     lemuel_insect_pit, layout_basic, gammafunk_ghost_split, uniq_erolcha
D:12:     layout_basic, david_orc_1_choice, nicolae_underground_beach,
          uniq_rupert, uniq_fannar
Temple:   nicolae_temple_bog_church
Lair:1:   layout_loops_ring, grunt_megastairs_2, lemuel_fruit_fields,
          uniq_joseph
Lair:2:   layout_long_grid, grunt_forest_large_clearings, uniq_sonja
Lair:3:   layout_chaotic_city, minmay_swamp_entry_worms,
          nicolae_spider_entry_tight_spaces, chequers_serial_rivers_micro_e,
          uniq_prince_ribbit2
Lair:4:   layout_regular_city, gammafunk_ghost_split, uniq_snorg
Lair:5:   hellmonk_lair_end_abyssal_woods, layout_cave_pods, slime_entry_1,
          lemuel_oklob_altar

Skill      XL: |  1  2  3  4  5  6  7  8  9 10 11 12 13 14 15 |
---------------+----------------------------------------------+-----
Stealth        | 3 4 5 6 7 8 9 10 | 10.0
Dodging        | 3 4 5 6 7 8 10 | 10.0
Spellcasting   | 3 4 5 6 7 9 |  9.8
Summonings     | 5 6 7 8 9 10 | 10.0
Fire Magic     | 1 3 4 5 |  5.0
Fighting       | 1 2 3 4 5 6 7 9 10 | 10.0
Air Magic      | 3 5 7 |  7.0
Shields        | 1 3 4 5 |  5.0
Armour         | 2 3 4 5 |  5.0
Necromancy     | 8 10 | 10.6

Action                     |  1- 3 |  4- 6 |  7- 9 | 10-12 | 13-15 || total
---------------------------+-------+-------+-------+-------+-------++-------
  Melee: Unarmed           |    52 |       |       |       |       ||    52
         Dagger            |    18 |    17 |       |       |   151 ||   186
         Quarterstaff      |       |    59 |   116 |   236 |    53 ||   464
  Throw: Dart              |       |       |     5 |       |       ||     5
   Cast: Summon Small Mamm |    42 |    10 |    57 |     2 |     4 ||   115
         Call Imp          |    13 |     8 |    30 |     3 |     6 ||    60
         Call Canine Famil |     4 |     9 |    24 |     5 |    11 ||    53
         Summon Blazeheart |       |     1 |    17 |    46 |    88 ||   152
         Summon Lightning  |       |       |     3 |    17 |    45 ||    65
         Borgnjor's Vile C |       |       |       |       |     9 ||     9
  Evoke: Wand              |       |       |       |    11 |     8 ||    19
    Use: Scroll            |     5 |     3 |    10 |     8 |     9 ||    35
         Potion            |       |     2 |     2 |     1 |     1 ||     6
   Stab: Distracted        |     3 |       |     2 |     7 |     3 ||    15
         Sleeping          |       |     4 |     2 |     3 |     4 ||    13
         Confused          |       |       |     1 |     1 |     1 ||     3
         Paralysed         |       |       |       |     3 |     3 ||     6
 Armour: Robe              |    87 |    51 |   152 |    40 |       ||   330
         Leather armour    |       |       |       |   183 |   240 ||   423
         Acid dragon scale |       |       |       |       |    13 ||    13
  Dodge: Dodged            |    51 |    43 |   140 |   252 |   263 ||   749
  Block: Buckler           |       |       |       |       |    67 ||    67

Table legend: (Time is in decaauts)
 A = Elapsed time spent in this place.
 B = Non-inter-level travel time spent in this place.
 C = Inter-level travel time spent in this place.
 D = Time resting spent in this place.
 E = Time spent auto-exploring this place.
 F = Levels seen in this place.
 G = Mean time per level.
                   A        B        C        D        E       F      G
               +--------+--------+--------+--------+--------+-----+--------+
         Total |  24450 |  23409 |   1041 |   4316 |  14019 |  20 | 1222.5 |
       Dungeon |  17059 |  16198 |    861 |   3747 |   9252 |  12 | 1421.6 |
        Temple |     46 |      1 |     45 |      0 |      0 |   1 |   46.0 |
          Lair |   5990 |   5855 |    135 |    569 |   3950 |   5 | 1198.0 |
         Sewer |    730 |    730 |      0 |      0 |    471 |   1 |  730.0 |
       Ossuary |    624 |    624 |      0 |      0 |    346 |   1 |  624.0 |
               +--------+--------+--------+--------+--------+-----+--------+

Top non-repeatable levels by time:
     D:7: 2865 daAuts
    D:10: 1852 daAuts
  Lair:5: 1822 daAuts
     D:4: 1746 daAuts
     D:1: 1621 daAuts
     D:9: 1607 daAuts
    D:11: 1446 daAuts
  Lair:3: 1201 daAuts
    D:12: 1186 daAuts
  Lair:1: 1166 daAuts
     D:6: 1154 daAuts
     D:3: 1109 daAuts
  Lair:4: 967 daAuts
     D:2: 939 daAuts
     D:8: 850 daAuts
